 Dungeon Crawl Stone Soup version 0.27.1-1-g398f81649c (webtiles) character file.

Game seed: 13302737732207672325

153 Amplified the Chiller (level 5, -5/35 (39) HPs)
             Began as a Demonspawn Ice Elementalist on Sept 14, 2021.
             Slain by Sigmund (9 damage)
             ... on level 2 of the Dungeon.
             The game lasted 00:04:17 (3180 turns).

Amplified the Chiller (Demonspawn Ice Elementalist) Turns: 3180, Time: 00:04:17

HP:   -5/35 (39)    AC:  3    Str: 10    XL:     5   Next: 12%
MP:   3/9           EV: 16    Int: 16    God:
Gold: 196           SH:  0    Dex: 13    Spells: 5/9 levels left

rFire    . . .     SeeInvis .   d - +2 hand axe (freeze)
rCold    . . .     Faith    .   (no shield)
rNeg     . . .     Spirit   .   a - +0 robe
rPois    .         Reflect  .   (helmet restricted)
rElec    .         Harm     .   (no cloak)
rCorr    .         Rampage  .   (no gloves)
Will     .....     Clarity  +   f - +0 pair of boots
Stlth    ++........             (no amulet)
HPRegen  0.11/turn              i - +4 ring of evasion
MPRegen  0.11/turn              (no ring)

@: mighty, brilliant, freezing walls, attractive, very slightly contaminated,
heavily drained
A: claws 1, ignite blood 1, antennae 1, clarity
a: no special abilities


You were on level 2 of the Dungeon.
You visited 1 branch of the dungeon, and saw 4 of its levels.

You collected 196 gold pieces.

Inventory:

Hand Weapons
 d - a +2 hand axe of freezing (weapon)
Missiles
 e - 25 poisoned darts
Armour
 a - a +0 robe (worn)
 f - a +0 pair of boots (worn)
Jewellery
 i - a +4 ring of evasion (left claw)


   Skills:
 * Level 2.4 Fighting
 * Level 1.7 Axes
 - Level 1.7 Dodging
 - Level 1.7 Stealth
 * Level 2.9 Spellcasting
 * Level 4.3 Ice Magic


You had 5 spell levels left.
You knew the following spells:

 Your Spells              Type           Power      Damage    Failure   Level
a - Freeze                Ice            96%        1d11      3%          1
b - Frozen Ramparts       Ice            48%        1d6       10%         3

Your spell library contained the following spells:

 Spells                   Type           Power      Damage    Failure   Level
 Ozocubu's Armour         Ice            24%        N/A       10%         3
 Magic Dart               Conj           12%        1d3       19%         1
 Call Imp                 Summ           3%         N/A       28%         2
 Mephitic Cloud           Conj/Pois/Air  3%         N/A       50%         3
 Hailstorm                Conj/Ice       13%        3d5       61%         4


Dungeon Overview and Level Annotations

Branches:
Dungeon (4/15)
 Temple: D:4-7

Altars:
Fedhas
Sif Muna
Vehumet
Wu Jian
Xom

Annotations:
D:2 Jessica, Sigmund


Innate Abilities, Weirdness & Mutations

You have sharp fingernails.
Your demonic aura sometimes causes spilled blood to erupt in flames.
You have a pair of small antennae on your head.
You possess an exceptional clarity of mind.


Message History

Sigmund flickers and vanishes!
Deactivating autopickup; reactivate with Ctrl-A.
Unknown command.
Unknown command.
Unknown command.
Unknown command.
Unknown command.
You're too confused to attack without stumbling around!
You bump into the rock wall.
Something hits you.
Unknown command.
You completely miss something.
You feel less confused.
You hear some strange, mumbled words.
A puff of flame appears from out of thin air!
The puff of flame hits you!
Unknown command.
You aren't carrying any scrolls.
Unknown command.
You aren't carrying any potions.
Unknown command.
Sorry, you're not good enough to have a special ability.
Unknown command.
Casting: Frozen Ramparts (quite dangerous; 10% risk of failure)
Confirm with . or Enter, or press ? or * to list all spells.
The spell is quite dangerous to cast (10% risk of failure)!
Continue anyway?
Casting: Frozen Ramparts (quite dangerous; 10% risk of failure)
Press: ? - help, Dir - look around, f - activate You feel a surge of power!
The walls around you are covered in ice.
The wall freezes something.
Something hits you!
* * * LOW HITPOINT WARNING * * *
The wall freezes the kobold.
You kill the kobold!
Unknown command.
Unknown command.
Your frozen ramparts will break if you move.
Continue?
Okay, then.
You hit something. You freeze something.
The wall freezes something!
Something hits you!
You die...

### #####.# ##### #.....# #...#
#.###.# #.#.# #.#
#.###############.#.######## #.#
#>.........@{)..............
#.###.###############.#.#####..#
#......# #.#.....#..#
#####..##############.#####.#..#
#........................b..
#######.####################.##.>
#................................
#.#####.##############...###@###.
#.......# #...# #.# #.


There were no monsters in sight!

Vanquished Creatures
  An iguana (D:3)
  2 gnolls
  6 adders
  2 dart slugs
  3 orcs (D:3)
  An endoplasm (D:1)
  A giant cockroach (D:2)
  3 goblins
  5 hobgoblins
  4 quokkas
  2 ball pythons
  5 bats
  3 frilled lizards
  5 kobolds
  8 rats
51 creatures vanquished.

Notes
Turn   | Place    | Note
-------+----------+-------------------------------------------
     0 | D:1      | Amplified the Demonspawn Ice Elementalist began the quest
                  | for the Orb.
     0 | D:1      | Reached XP level 1. HP: 13/13 MP: 3/3
   393 | D:1      | Gained mutation: Your demonic aura sometimes causes spilled
                  | blood to erupt in flames. [demonic ancestry]
   393 | D:1      | Reached XP level 2. HP: 20/20 MP: 5/5
   564 | D:1      | Reached skill level 1 in Fighting
   766 | D:1      | Found a faded altar of an unknown god.
  1252 | D:2      | Reached XP level 3. HP: 26/26 MP: 6/6
  1259 | D:2      | Learned a level 3 spell: Frozen Ramparts
  1456 | D:2      | Reached skill level 1 in Axes
  1456 | D:2      | Reached skill level 4 in Ice Magic
  1571 | D:2      | Found a blossoming altar of Fedhas.
  1725 | D:2      | Noticed Jessica
  1725 | D:2      | Noticed Sigmund
  1867 | D:3      | Found an ornate altar of the Wu Jian Council.
  1867 | D:3      | Found a radiant altar of Vehumet.
  2189 | D:3      | Reached XP level 4. HP: 33/33 MP: 7/7
  2497 | D:3      | Gained mutation: You have sharp fingernails. [demonic
                  | ancestry]
  2497 | D:3      | Reached XP level 5. HP: 23/39 MP: 2/9
  2679 | D:3      | Found a shimmering blue altar of Sif Muna.
  2680 | D:3      | Found a shimmering altar of Xom.
  3172 | D:2      | Gained mutation: You have a pair of small antennae on your
                  | head. [potion of mutation]
  3172 | D:2      | Gained mutation: You possess an exceptional clarity of
                  | mind. [potion of mutation]
  3180 | D:2      | Slain by Sigmund

Illustrated notes

Levels and vault maps discovered:
D:1:      grunt_arrival_crossed_arrows, layout_basic,
          hellmonk_ecumenical_altar_crossroads
D:2:      layout_basic, basic_altar, uniq_jessica, uniq_sigmund
D:3:      minmay_chambers_of_threes, layout_loops_ring,
          amethyst_overflow_temple_binary, mainiacjoe_overflow_divided_tiny
D:4:      layout_basic, temple_statues

Skill      XL: |  1  2  3  4 |
---------------+-------------+-----
Fighting       | 1 2 |  2.4
Axes           | 1 |  1.7
Ice Magic      | 4 |  4.3
Dodging        | |  1.7
Stealth        | |  1.7
Spellcasting   | |  2.9

Action                   |  1- 3 |  4- 6 || total
-------------------------+-------+-------++-------
Melee: Hand axe          |    57 |    35 ||    92
       Unarmed           |     1 |       ||     1
 Cast: Freeze            |    13 |       ||    13
       Frozen Ramparts   |       |     6 ||     6
  Use: Potion            |     2 |     6 ||     8
       Scroll            |     2 |     2 ||     4
 Stab: Sleeping          |     9 |     1 ||    10
Armor: Robe              |    13 |     7 ||    20
Dodge: Dodged            |    55 |    29 ||    84
